 Dungeon Crawl Stone Soup version bcrawl-1.34.4 (webtiles) character file.

Game seed: 6112074325416872533

324046 KristoblXynda the Carver (level 8, -8/73 HPs)
             Began as a White Draconian Gladiator on Oct 21, 2021.
             Was a Follower of Ashenzari.
             Mangled by an ogre
             ... wielding a +0 giant club
              (24 damage)
             ... on level 5 of the Dungeon.
             The game lasted 00:05:54 (4167 turns).

KristoblXynda the Carver (DrGl)                     Turns: 4167, Time: 00:05:54

Health: -8/73      AC:  8    Str: 18    XL:     8   Next: 77%
Magic:  8/8        EV: 15    Int:  8    God:    Ashenzari [*.....]
Gold:   260        SH:  0    Dex: 14    Spells: 7/7 levels left

rFire    . . .     SeeInvis .   i - +3 rapier (speed)
rCold    + . .     Gourm    .   (no shield)
rNeg     + . .     Faith    +   (armour unavailable)
rPois    .         Spirit   .   b - +1 hat
rElec    .         Reflect  .   (no cloak)
rCorr    .         Harm     .   (no gloves)
MR       .....                  q - +0 pair of boots
Stlth    +.........             d - amulet of faith (curse)
HPRegen  0.22/turn              m - ring of positive energy (curse)
MPRegen  0.11/turn              (no ring)

@: no status effects
A: breathe frost, unfitting armour, cold resistance 1, cold-blooded, AC +6
a: Breathe Frost, Curse Item, Scrying, Renounce Religion


You were on level 5 of the Dungeon.
You worshipped Ashenzari.
Ashenzari was aware of your devotion.
You were not hungry.

You visited 2 branches of the dungeon, and saw 6 of its levels.

You collected 260 gold pieces.

Inventory:

Hand Weapons
 a - a +0 long sword
 i - a +3 rapier of speed (weapon)
Missiles
 c - 2 throwing nets (quivered) {=f}
Armour
 b - a +1 hat (worn)
 q - a +0 pair of boots (worn)
Jewellery
 d - a cursed amulet of faith (around neck)
 m - a cursed ring of positive energy (left hand)
 o - the cursed amulet of Vision {SInv *Curse}
   (You found it in the Ecumenical Temple)

   [amulet of nothing]

   It lets you see invisible.
   It curses itself when equipped.
   It has a curse placed upon it.
 p - a +3 amulet of reflection
Wands
 t - a wand of iceblast (9)
Scrolls
 f - a scroll of immolation {unknown}
 j - a scroll of enchant weapon
 k - 2 scrolls of teleportation {unknown}
 s - 2 scrolls of magic mapping {unknown}
 u - a scroll of remove curse {unknown}
Potions
 g - a potion of lignification {unknown}
 h - 2 potions of flight
 l - a potion of agility
 n - a potion of cancellation {unknown}
 r - a potion of brilliance {unknown}
Comestibles
 e - 6 rations {!d}
 v - 5 chunks of flesh


   Skills:
 + Level 7.0 Fighting
 * Level 8.5 Long Blades
 - Level 2.0 Throwing
 + Level 5.8 Dodging


You had 7 spell levels left.
You didn't know any spells.
Your spell library contained the following spells:

 Spells                   Type           Power        Failure   Level  Hunger
 Passwall                 Tmut/Erth      #.......     54%         2    ####...
 Swiftness                Chrm/Air       #.......     54%         2    ####...
 Lee's Rapid Deconstruct  Erth           #.........   100%        5    #######
 Passage of Golubria      Tloc           N/A          100%        5    #######
 Darkness                 Hex            #.........   100%        6    #######
 Invisibility             Hex            #.......     100%        6    #######


Dungeon Overview and Level Annotations

Branches:
Dungeon (5/12)             Temple (1/1) D:4

Altars:
Ashenzari
Cheibriados
Fedhas
Gozag
Kikubaaqudgha
Lugonu
Makhleb
Okawaru
Qazlal
Sif Muna
Trog
Vehumet
Wu Jian
Xom
Yredelemnul
Zin

Shops:
D:5 ?


Innate Abilities, Weirdness & Mutations

You can breathe waves of freezing cold.
You can buffet flying creatures when you breathe cold.
Your icy white scales are hard. (AC +6)
You cannot fit into any form of body armour.
Your flesh is cold resistant. (rC+)
You are cold-blooded and may be slowed by cold attacks.


Message History

The adder is heavily wounded.
The adder misses you.
You barely miss the adder.
The adder hisses angrily.
Your tail-slap misses the adder.
The adder is heavily wounded.
The adder misses you.
You puncture the adder!
You kill the adder!
There is an open door, spattered with blood here.
You see here an adder corpse.
The ogre hits you with a +0 giant club!!
* * * LOW HITPOINT WARNING * * *
You hit the ogre.
The ogre is lightly wounded.
You hit the ogre. You tail-slap the ogre.
The ogre is heavily wounded.
The adder misses you.
The ogre hits you with a +0 giant club!!
You die...

...#.#........#
##.....#..##)##
###⌠.⌠.#.<#..# # .#
.∩.....#.###### .#
#..⌠.⌠...........##.###
###...#.........#.....
##..............#
#...#.........#####
#...#......@O...?..
#.......#†.S#.##...
#..#.##.##..## # #..#.
###....# # #....'.
##..##.. '### #..# .#
#'# #.


You could see an ogre and an adder.

Vanquished Creatures
  Eustachio (D:4)
  An orc warrior (D:3)
  A sky beast (D:5)
  A necrophage (D:5)
  2 ogres (D:5)
  2 centaurs (D:5)
  A bullfrog (D:4)
  A scorpion (D:4)
  A wight (D:3)
  An orc priest (D:5)
  4 crimson imps
  A howler monkey (D:3)
  A bullfrog zombie (D:5)
  2 hounds
  A jelly (D:5)
  A bullfrog skeleton (D:4)
  An orc wizard (D:5)
  Jessica (D:3)
  5 worker ants
  A hound skeleton (D:4)
  9 gnolls
  A howler monkey skeleton (D:5)
  8 adders
  2 oozes
  An adder skeleton (D:5)
  3 dart slugs
  4 worms
  3 leopard geckos
  14 orcs
  6 bats
  6 giant cockroaches
  8 hobgoblins
  10 jackals
  11 kobolds
  A ball python (D:1)
  4 frilled lizards
  2 goblins
  A quokka skeleton (D:4)
  5 rats
129 creatures vanquished.

Notes
Turn   | Place    | Note
-------+----------+-------------------------------------------
     0 | D:1      | KristoblXynda the Draconian Gladiator began the quest for
                  | the Orb.
     0 | D:1      | Reached XP level 1. HP: 19/19 MP: 1/1
   157 | D:1      | Reached XP level 2. HP: 26/26 MP: 2/2
   448 | D:1      | Reached XP level 3. HP: 33/33 MP: 3/3
   806 | D:2      | Found a radiant altar of Vehumet.
   915 | D:2      | Found an ancient bone altar of Kikubaaqudgha.
  1005 | D:2      | Reached XP level 4. HP: 22/40 MP: 4/4
  1070 | D:2      | Found a faded altar of an unknown god.
  1091 | D:2      | Reached skill level 4 in Long Blades
  1424 | D:3      | Found an opulent altar of Gozag.
  1534 | D:3      | Reached XP level 5. HP: 24/46 MP: 5/5
  1934 | D:3      | Noticed an orc warrior
  1945 | D:3      | Noticed Jessica
  2124 | D:3      | Reached skill level 5 in Long Blades
  2216 | D:3      | Reached XP level 6. HP: 4/53 MP: 6/6
  2230 | D:3      | Killed an orc warrior
  2375 | D:3      | Killed Jessica
  2611 | D:4      | Reached skill level 5 in Fighting
  2774 | D:4      | Reached skill level 6 in Long Blades
  2774 | D:4      | Your scales start taking on an icy white colour.
  2774 | D:4      | Reached XP level 7. HP: 47/61 MP: 7/7
  2774 | D:4      | Gained mutation: Your flesh is cold resistant. (rC+) [White
                  | Draconian growth]
  2810 | D:4      | Noticed Eustachio
  2840 | D:4      | Killed Eustachio
  2956 | D:4      | Found a burning altar of Makhleb.
  2957 | D:4      | Found a shimmering altar of Xom.
  3145 | D:4      | Found a staircase to the Ecumenical Temple.
  3154 | Temple   | Entered the Ecumenical Temple
  3182 | Temple   | Became a worshipper of Ashenzari the Shackled
  3183 | Temple   | Found the cursed amulet of Vision {SInv *Curse}
  3677 | D:5      | Entered Level 5 of the Dungeon
  3678 | D:5      | Found an iron altar of Okawaru.
  3678 | D:5      | Found a basalt altar of Yredelemnul.
  3743 | D:5      | Reached skill level 7 in Long Blades
  3781 | D:5      | Found Donujum's Magic Scroll Boutique.
  3810 | D:5      | HP: 2/62 [worker ant (6)]
  3813 | D:5      | Reached skill level 5 in Dodging
  3813 | D:5      | Reached XP level 8. HP: 2/70 MP: 8/8
  4030 | D:5      | Reached * piety under Ashenzari
  4068 | D:5      | Reached skill level 8 in Long Blades
  4167 | D:5      | Mangled by an ogre

Skill      XL: |  1  2  3  4  5  6  7  8 |
---------------+-------------------------+-----
Throwing       | 2 |  2.0
Dodging        | 3 4 5 |  5.8
Long Blades    | 4 5 6 7 8 |  8.5
Fighting       | 4 5 6 7 |  7.0

Action                   |  1- 3 |  4- 6 |  7- 9 || total
-------------------------+-------+-------+-------++-------
Melee: Long sword        |   115 |    98 |       ||   213
       Tailslap          |    13 |    19 |    18 ||    50
       Falchion          |       |    80 |    16 ||    96
       Rapier            |       |       |   162 ||   162
Throw: Throwing net      |       |     3 |       ||     3
 Abil: Breathe Frost     |       |       |     2 ||     2
Evoke: Wand              |       |       |     1 ||     1
  Use: Scroll            |     3 |     1 |     2 ||     6
       Potion            |       |     2 |       ||     2
 Stab: Sleeping          |     3 |     1 |       ||     4
       Distracted        |       |     1 |       ||     1
       Held in net/web   |       |     2 |       ||     2
  Eat: Chunk             |     3 |     7 |     8 ||    18
       Ration            |       |     1 |       ||     1
Armor: Skin              |    55 |    26 |    37 ||   118
Dodge: Dodged            |   113 |   105 |   113 ||   331
Block: Other             |     2 |     3 |     1 ||     6
